 Dungeon Crawl Stone Soup version 0.17.1-3-g152610e (webtiles) character file.

32 warlockg3 the Ducker (level 3, -4/17 HPs)
             Began as a Felid Berserker on Mar 31, 2016.
             Slain by a worm (8 damage)
             ... on level 2 of the Dungeon.
             The game lasted 00:05:49 (1033 turns).

warlockg3 the Ducker (Felid Berserker)              Turns: 1033, Time: 00:05:49

Health: -4/17      AC:  1    Str: 13    XL:     3   Next: 8%
Magic:  4/4        EV: 20    Int:  8    God:    Xom [.*....]
Gold:   57         SH:  0    Dex: 16    Spells: 0 memorised, 2 levels left
                                        Lives:  0   Deaths: 0

rFire  . . .     SeeInvis +       - Unarmed
rCold  . . .     Clarity  .     (armour unavailable)
rNeg   . . .     SustAt   .     (shield unavailable)
rPois  .         Gourm    .     (helmet unavailable)
rElec  .         Spirit   .     (cloak unavailable)
rCorr  .         Warding  .     (gloves unavailable)
rMut   .         Stasis   .     (boots unavailable)
MR     .....                    (no amulet)
Stlth  ++........               (no ring)
                                (no ring)

@: quick, not resistant to hostile enchantments, unstealthy
A: no armour, no weapons or thrown items, claws 1, fangs 3, see invisible,
carnivore 3, speed 1, shaggy fur 1, slow metabolism 1, sharp paws
a: Renounce Religion


You were on level 2 of the Dungeon.
You worshipped Xom.
You were a plaything of Xom.
You were not hungry.

You visited 1 branch of the dungeon, and saw 2 of its levels.

You collected 57 gold pieces.

Inventory:

Scrolls
 b - 3 scrolls of identify {unknown}
 d - a scroll of remove curse {unknown}
 f - a scroll of enchant weapon {unknown}
 j - 2 scrolls of fog {unknown}
Potions
 e - a potion of flight {unknown}
 g - a potion of might {unknown}
 h - a potion of poison {unknown}
 i - a potion of lignification {unknown}
 k - a potion of cancellation {unknown}
Comestibles
 a - 3 meat rations
 c - a beef jerky
 l - a royal jelly


   Skills:
 + Level 3.3 Fighting
 + Level 4.9 Dodging
 + Level 3.3 Unarmed Combat


You had 2 spell levels left.
You didn't know any spells.

Dungeon Overview and Level Annotations

Branches:
Dungeon (2/15)

Altars:
Elyvilon
Makhleb
Xom


Innate Abilities, Weirdness & Mutations

You cannot wear armour.
You are incapable of wielding weapons or throwing items.
You have sharp claws.
You have razor-sharp teeth.
You have supernaturally acute eyesight.
You are carnivorous and can eat meat at any time.
You cover ground quickly.
You are covered in fur (AC +1).
You have a slow metabolism.
Your sharp claws are effective at attacking unaware monsters.


Message History

The kobold closely misses you.
You claw the kobold!
You kill the kobold!
The bat hits you.
* * * LOW HITPOINT WARNING * * *
The giant gecko closely misses you. The bat misses you.
The worm closely misses you.
Things that are here:
22 stones; a kobold corpse You scratch the worm.
The worm is lightly wounded.
The bat completely misses you. The worm barely misses you.
You scratch the worm but do no damage. The bat misses you.
The bat completely misses you. The bat closely misses you.
You scratch the worm.
The worm is lightly wounded.
The bat barely misses you. The bat hits you.
* * * LOW HITPOINT WARNING * * *
The worm bites you!
You die...

.. .# .. ## #
w### .#. ...#
# #.# .#.#.#
#.##.###.....#
#(..lb@w.....#
####.##.#...##
#....##.# .##
#.#####.## #
#.####...#.#
#..........#
#†.###...###
#..# ##.##
#..# #....#


You could see a worm, a giant gecko and a bat.

Vanquished Creatures
  An ooze (D:1)
  3 giant geckos
  5 goblins
  4 hobgoblins
  2 jackals (D:2)
  5 bats
  2 giant newts (D:1)
  4 kobolds
  A rat (D:2)
27 creatures vanquished.

Notes
Turn   | Place    | Note
--------------------------------------------------------------
     0 | D:1      | warlockg3 the Felid Berserker began the quest for the Orb.
     0 | D:1      | Reached XP level 1. HP: 10/10 MP: 2/2
    20 | D:1      | Found a shimmering altar of Xom.
    55 | D:1      | Fell from the grace of Trog
    55 | D:1      | Became a worshipper of Xom of Chaos
   113 | D:1      | XOM: silly message
   135 | D:1      | XOM: harmless Hex miscast
   188 | D:1      | XOM: butterfly on damage
   190 | D:1      | XOM: butterfly on damage
   194 | D:1      | Reached XP level 2. HP: 4/14 MP: 3/3
   287 | D:1      | XOM: divination: magic mapping
   515 | D:1      | XOM: harmless Pois miscast
   703 | D:2      | Found a burning altar of Makhleb.
   753 | D:2      | Found a white marble altar of Elyvilon.
   957 | D:2      | Reached XP level 3. HP: 14/17 MP: 4/4
  1033 | D:2      | Slain by a worm

Action                   || total
-------------------------++-------
Melee: Unarmed           ||    85
 Stab: Sleeping          ||     4
